AoeStats
← Jayhawk5617

Arabia

510532833Analyzed
2v2 RM · 15h ago on Oct 1, 2026· 43m 10s· 4 players
Game mode
Random Map
Map size
Medium (4 player)
Population
200
Speed
Normal
Resources
Standard
Victory
Conquest
Starting age
Dark Age
Ending age
Imperial Age
RankedLock teamsTeams togetherTeam positionsShared explorationLock speedFull tech treeHidden civsTurbo modeCheats
Victory
Defeat
🇺🇸 Franks · United States
900
+15
🇺🇸 Franks · United States
852
+17
🇦🇺 Khmer · Australia
884
-16
🇦🇺 Romans · Australia
883
-16
FlyingKah
5:26 Loom
10:37 Feudal Age
13:47 Double-Bit Axe
18:58 Scale Mail Armor
19:47 Wheelbarrow
21:50 Castle Age
20:36 Forging
22:22 Pikeman
23:03 Squires
23:39 Iron Casting
23:20 Chain Mail Armor
28:27 Wheelbarrow
27:37 Town Watch
32:09 Scale Barding Armor
32:27 Hand Cart
37:13 Imperial Age
35:46 Bow Saw
35:18 Horse Collar
35:45 Town Patrol
36:11 Stone Mining
36:13 Gold Mining
36:57 Ballistics
39:16 Blast Furnace
38:38 Heavy Plow
39:56 Scale Barding Armor
39:43 Fletching
40:15 Block Printing
40:11 Redemption
40:09 Siege Engineers
41:08 Chemistry
41:07 Heavy Scorpion
43:00 Conscription
OneEyedPhoenix
4:31 Loom
10:16 Feudal Age
21:03 Castle Age
21:27 Double-Bit Axe
21:32 Pikeman
31:04 Horse Collar
34:27 Imperial Age
32:13 Forging
32:04 Scale Mail Armor
34:41 Heavy Plow
36:12 Crop Rotation
35:39 Stone Mining
35:40 Gold Mining
36:04 Bow Saw
35:29 Halberdier
36:31 Chain Mail Armor
36:07 Fletching
38:48 Gold Shaft Mining
38:48 Stone Shaft Mining
40:28 Double Crossbow
41:56 Scale Barding Armor
Jayhawk5617
8:27 Loom
10:33 Feudal Age
11:47 Double-Bit Axe
22:00 Castle Age
22:01 Light Cavalry
23:27 Husbandry
23:44 Bow Saw
24:39 Wheelbarrow
24:40 Scale Barding Armor
27:03 Town Watch
27:36 Hand Cart
27:23 Gold Mining
30:38 Stone Mining
33:54 Forging
37:37 Imperial Age
35:42 Treadmill Crane
37:59 Iron Casting
37:45 Chain Barding Armor
38:15 Gold Shaft Mining
37:48 Cavalier
38:53 Conscription
39:41 Blast Furnace
39:52 Paladin
41:27 Plate Barding Armor
41:00 Chivalry
43:49 Hoardings
43:34 Siege Engineers
43:24 Fletching
UBERBULLET
14:21 Feudal Age
18:38 Castle Age
17:05 Double-Bit Axe
20:14 Stone Mining
24:14 Forging
30:15 Imperial Age
29:13 Gold Mining
31:02 Wheelbarrow
32:24 Caravan
36:01 Cavalier
37:15 Fletching
38:01 Iron Casting
38:54 Conscription
38:39 Scale Mail Armor
39:11 Ordonnance Companies
40:07 Bow Saw
40:59 Scale Barding Armor
41:56 Blast Furnace
41:38 Chivalry
Connection lost

Rejoining the realm…

Still unreachable

The connection could not be restored.

Session expired

The server has moved on; the page needs a fresh start.